 Dungeon Crawl Stone Soup version 0.27.0-1-g7a089689b8 (webtiles) character file.

Game seed: 12729038585236225291

163 Spaninq the Sneak (level 5, -2/33 HPs)
             Began as a Gargoyle Delver on July 31, 2021.
             Was a Follower of the Shining One.
             Slain by a scorpion (3 damage)
             ... on level 4 of the Dungeon.
             The game lasted 00:10:04 (4772 turns).

Spaninq the Sneak (Gargoyle Delver)                 Turns: 4772, Time: 00:10:05

Health: -2/33      AC: 14    Str: 16    XL:     5   Next: 44%
Magic:  5/5        EV:  8    Int: 13    God:    the Shining One [*.....]
Gold:   122        SH:  8    Dex: 11    Spells: 4/4 levels left

rFire    . . .     SeeInvis +   n - +0 whip
rCold    . . .     Faith    .   m - +0 kite shield
rNeg     + . .     Spirit   .   r - +0 ring mail
rPois    ∞         Reflect  .   (no helmet)
rElec    +         Harm     .   (no cloak)
rCorr    .         Rampage  .   (no gloves)
Will     .....                  q - +0 pair of boots
Stlth    +.........             (no amulet)
HPRegen  0.11/turn              o - +4 ring of protection
MPRegen  0.09/turn              (no ring)

@: glowing
A: sickness immunity, AC +4, negative energy resistance 1, electricity
resistance, torment resistance 1, petrification resistance, see invisible,
clever 1, sense surroundings 1, evolution 1
a: Renounce Religion


You were on level 4 of the Dungeon.
You worshipped the Shining One.
The Shining One was aware of your devotion.
You visited 1 branch of the dungeon, and saw 5 of its levels.

You collected 122 gold pieces.

Inventory:

Hand Weapons
 n - a +0 whip (weapon)
Armour
 m - a +0 kite shield (worn)
 q - a +0 pair of boots (worn)
 r - a +0 ring mail (worn)
Jewellery
 h - a ring of flight
 o - a +4 ring of protection (left hand)
Wands
 g - a wand of digging (3)
Scrolls
 c - a scroll of fog
 d - 3 scrolls of magic mapping
 e - 2 scrolls of identify
 j - a scroll of fear
 l - 2 scrolls of blinking
 p - a scroll of silence {unknown}


   Skills:
 + Level 4.1 Fighting
 * Level 3.8 Maces & Flails
 + Level 2.2 Armour
 - Level 1.5 Dodging
 - Level 5.4 Stealth
 + Level 1.8 Shields


You had 4 spell levels left.
You didn't know any spells.
Your spell library was empty.

Dungeon Overview and Level Annotations

Branches:
Dungeon (5/15)
 Temple: D:4-7

Altars:
Elyvilon
The Shining One

Annotations:
D:4 Pikel


Innate Abilities, Weirdness & Mutations

You are immune to sickness and miasma.
Your stone body is resilient. (AC +4)
You are immune to poison.
You resist negative energy. (rN+)
You are resistant to electric shocks. (rElec)
You are resistant to unholy torment.
You are immune to petrification.
You have supernaturally acute eyesight. (SInv)
Your mind is acute. (Int +2)
You passively map a small area around you.
You evolve.


Message History

Pikel shouts!
The scorpion stings you. The Shining One protects you from harm!
A lemure comes into view.
You block the scorpion's attack.
Pikel zaps a wand.
Some rock shatters into small pieces.
The lemure hits you.
* * * LOW HITPOINT WARNING * * *
The lemure shouts!
The scorpion barely misses you.
You hear a zap.
Some rock shatters into small pieces.
Found 9 gold pieces.
A goblin comes into view. It is wielding a +0 dagger.
The goblin shouts!
The scorpion stings you but does no damage.
Found 12 stones.
The scorpion closely misses you.
Found 5 gold pieces.
Pikel says, "You'll make a fine lemure."
The scorpion stings you but does no damage.
The scorpion stings you but does no damage.
You feel a little less clever now.
You hear a zap.
You hear a grinding noise.
You block the scorpion's attack.
You hear a zap.
You hear a grinding noise.
The scorpion stings you.
* * * LOW HITPOINT WARNING * * *
You hear a zap.
You hear a grinding noise.
You hear a zap.
You hear a grinding noise.
The scorpion stings you.
* * * LOW HITPOINT WARNING * * *
You hear a zap.
You hear a grinding noise.
You hear a zap.
You hear a grinding noise.
You block the scorpion's attack. The scorpion stings you.
* * * LOW HITPOINT WARNING * * *
The scorpion stings you.
* * * LOW HITPOINT WARNING * * *
The scorpion stings you.
You die...

* * ##......#. , ..* ##....#.. *
... * #........ ...# *
##..#..... ..#..,* ##.#.$..... ,
.....#########.......... ..##
.......#.#...5........... #..##.
, #...s.l.g........... ###....##
##.@#...###......... ##.......#
#..##..####.....### .........##
###..###..# #....###.
#........###....# #..###....##..
##..............# #...##....#..#
#...)†..........####..###.....#
##..........###...###...##....#*
#.................l..........
..........###..###.......###.


You could see a lemure, a scorpion, an iguana and a goblin.

Vanquished Creatures
  A hound (D:3)
  An iguana (D:4)
  3 gnolls (D:3)
  5 dart slugs
  4 orcs
  6 bats
  4 endoplasms
  3 giant cockroaches
  7 goblins
  A hobgoblin (D:1)
  2 jackals (D:1)
  3 quokkas
  4 ball pythons
  A frilled lizard (D:1)
  7 kobolds
  12 rats
64 creatures vanquished.

Notes
Turn   | Place    | Note
-------+----------+-------------------------------------------
     0 | D:5      | Spaninq the Gargoyle Delver began the quest for the Orb.
     0 | D:5      | Reached XP level 1. HP: 14/14 MP: 1/1
    87 | D:4      | Noticed a hound
   403 | D:2      | Reached XP level 2. HP: 19/19 MP: 2/2
   857 | D:1      | Reached skill level 1 in Armour
  1105 | D:1      | Reached XP level 3. HP: 17/23 MP: 3/3
  1735 | D:1      | Found a faded altar of an unknown god.
  1738 | D:1      | Became a worshipper of the Shining One
  1738 | D:1      | Reached * piety under the Shining One
  2307 | D:2      | Found a white marble altar of Elyvilon.
  2947 | D:3      | Reached skill level 1 in Shields
  2947 | D:3      | Reached XP level 4. HP: 10/29 MP: 4/4
  4137 | D:3      | Reached XP level 5. HP: 15/33 MP: 5/5
  4679 | D:4      | Gained mutation: Your mind is acute. (Int +2) [potion of
                  | mutation]
  4679 | D:4      | Gained mutation: You evolve. [potion of mutation]
  4679 | D:4      | Gained mutation: You have supernaturally acute eyesight.
                  | (SInv) [potion of mutation]
  4679 | D:4      | Gained mutation: You passively map a small area around you.
                  | [potion of mutation]
  4707 | D:4      | Noticed a lemure
  4708 | D:4      | Noticed a lemure
  4708 | D:4      | Noticed Pikel
  4709 | D:4      | Noticed a lemure
  4709 | D:4      | The Shining One protects you from harm!
  4709 | D:4      | Noticed a lemure
  4760 | D:4      | HP: 1/33 [scorpion (3)]
  4767 | D:4      | HP: 1/33 [scorpion (1)]
  4772 | D:4      | Slain by a scorpion

Illustrated notes

Levels and vault maps discovered:
D:1:      giann_bridges, layout_loops_ring,
          hellmonk_ecumenical_altar_heavens_door
D:2:      layout_basic, basic_altar
D:3:      layout_basic
D:4:      layout_layer_cave, kennysheep_generic_room_16, uniq_pikel, uniq_robin
D:5:      layout_basic

Skill      XL: |  1  2  3  4 |
---------------+-------------+-----
Armour         | 1 2 |  2.2
Maces & Flails | 3 |  3.8
Shields        | 1 |  1.8
Fighting       | 4 |  4.1
Dodging        | |  1.5
Stealth        | |  5.4

Action                   |  1- 3 |  4- 6 || total
-------------------------+-------+-------++-------
Melee: Mace              |    40 |       ||    40
       Whip              |   105 |   108 ||   213
  Use: Scroll            |     4 |       ||     4
       Potion            |     1 |     4 ||     5
 Stab: Sleeping          |     6 |       ||     6
Armor: Leather armour    |    59 |    42 ||   101
       Ring mail         |       |    31 ||    31
Dodge: Dodged            |    61 |    58 ||   119
Block: Kite shield       |    39 |    71 ||   110
